066, chaotic male human Convict ------- -...$.+ |a.a@.| -.s.a@| |.....| ------- 066 the Jail-bird Experience level: 6 Strength: 15 Dexterity: 11 Constitution: 18 Intelligence: 11 Wisdom: 12 Charisma: 9 Health: 0(55) Energy: 29(29) AC: 10 Gold: 404 Moves: 1637 Your Inventory: Coins $ - 404 gold pieces Weapons k - a blessed [+2 thirsty] sling n - an [uncursed] rustproof [+0] broadsword named Luck Blade [Luck Blade] (weapon in hand) Armor b - a cursed +0 striped shirt (being worn) Comestibles e - an uncursed [stale] egg j - an uncursed lichen corpse l - an [uncursed] tin of pony meat s - an [uncursed] coffee bean Scrolls f - an uncursed scroll labeled JUYED AWK YACC [of gold detection] i - an uncursed scroll labeled ACHAT SHTAYIM SHALOSH [of light] p - an [uncursed] scroll labeled PRATYAVAYAH [of magic mapping] r - an [uncursed] scroll labeled DAIYEN FOOELS [of earth] Potions d - an uncursed gooey potion [of levitation] m - an [uncursed] silver potion [of fruit juice] Gems a - 6 uncursed rocks (in quiver) Spells known in the end: Name Level Category Fail Memory a - knock 1 matter 25% [||||||||] Your skills at the end: Fighting Skills Weapon Skills sling [Basic / Skilled] Spellcasting Skills Final Attributes: You were devoutly aligned. Hunger level was 1026. Your alignment was 17 / 18. Monster difficulty range was 1 - 7. Level difficulty was 8. You were immune to sickness. You were lucky (3). You had extra luck. Bad luck did not time out for you. Good luck did not time out for you. You are dead. Vanquished creatures: 3 apes a rock mole 2 yellow lights a gnome lord a straw golem a floating eye a kitten 6 dwarf zombies an iguana a giant rat a red mold 2 garter snakes 2 geckos 2 jackals 4 grid bugs 2 lichens 31 creatures vanquished. Voluntary challenges: You used a wielded weapon 46 times. You read items or engraved 39 times. You put on armor 1 time. You never genocided any monsters. You never polymorphed an object. You never changed form. You used no wishes. You wrote Elbereth's name 27 times. You never encountered a bones level. You never used any Sokoban shortcuts. Dungeon overview: The Dungeons of Doom: levels 1 to 8 Level 1 a long staircase Level 3 a general store Level 4 an altar to Tymora Level 8 <- You were here History has recorded: On T:1 you entered the Dungeons of Doom to retrieve the Amulet of Yendor! On T:179 you reached level 2 of The Dungeons of Doom. On T:268 you reached level 3 of The Dungeons of Doom. On T:282 you advanced to experience level 2. On T:379 you advanced to experience level 3. On T:398 you advanced to experience level 4. On T:453 you reached level 4 of The Dungeons of Doom. On T:1015 you received Luck Blade from Tymora. On T:1035 you advanced to experience level 5. On T:1045 you reached level 5 of The Dungeons of Doom. On T:1299 you reached level 6 of The Dungeons of Doom. On T:1319 you reached level 7 of The Dungeons of Doom. On T:1371 you reached level 8 of The Dungeons of Doom. On T:1470 you advanced to experience level 6. Latest messages: You hit the Grey-elf. The Grey-elf thrusts his runed short sword. The Grey-elf hits! You miss the Grey-elf. The Grey-elf thrusts his runed short sword. The Grey-elf hits! You miss the Grey-elf. The Grey-elf thrusts his runed short sword. The Grey-elf hits! You miss the Grey-elf. The Grey-elf thrusts his runed short sword. The Grey-elf hits! Something is written here in the dust. You read: "|e c n ?r ? ? ? ?t erc Ll| ??tr_ be?e [ |? c?rE| r? ?E b rc nE bcre? ? ?cre??E|?cretnEl|ere?hElber???? beretn_? ?rcthE|bercthX|be??thLl|???thElbcrethEl|e?ethElqer?thElbe?ethElbe?ethE|bercth]lbe?ethE|b~reth". There is a staircase up here. Something is written here in the dust. You read: "E|b rc?n?lbcrethE|bcre E e?h lbe ethE||e ctnElbcre?n?lb-?e?h". You see here a runed arrow. The Grey-elf thrusts his runed short sword. The Grey-elf hits! The fire ant bites! (2x) You're on fire! You die... Final status: Goodbye 066 the Convict... You died in The Dungeons of Doom on dungeon level 8 with 1486 points, and 404 pieces of gold, after 1637 moves. You were level 6 with a maximum of 55 hit points when you died.